Map: Bridgehead LE (Void)

Players

Welmu - Winner!

  • Race: Protoss Protoss
  • League: Diamond

True

  • Race: Zerg Zerg
  • League: Master

Event: Team Gravity's Fight Night #37

VOD

https://youtu.be/vqxaqRRcFTA?t=13m21s

Description

Time

  • Played on: Oct. 31, 2015, 5:37 p.m.
  • Length: 9:20

All games in this series

Show
View Real Time Build Order
Export as new Build Order

Welmu Protoss - Winner!

Build Orders: Nexus First 

Get SALT Encoding   

  12  0:01  Probe (Chrono Boost)  
  13  0:11  Probe (Chrono Boost)  
  14  0:20  Pylon  
  14  0:22  Probe (Chrono Boost)  
  15  0:38  Probe (Chrono Boost)  
  16  0:49  Probe (Chrono Boost)  
  17  0:58  Nexus  
  17  1:00  Probe (Chrono Boost)  
  18  1:11  Probe (Chrono Boost)  
  19  1:13  Gateway  
  19  1:19  Assimilator  
  19  1:21  Probe (Chrono Boost)  
  20  1:32  Probe (Chrono Boost)  
  21  1:34  Gateway  
  21  1:42  Probe (Chrono Boost)  
  21  1:44  Pylon  
  22  1:53  Probe (Chrono Boost)  
  23  2:03  Probe (Chrono Boost)  
  23  2:06  Cybernetics Core  
  24  2:10  Probe (Chrono Boost)  
  24  2:14  Probe (Chrono Boost)  
  26  2:21  Probe (Chrono Boost)  
  27  2:24  Probe (Chrono Boost)  
  28  2:31  Probe (Chrono Boost)  
  28  2:35  Probe (Chrono Boost)  
  30  2:41  Probe (Chrono Boost)  
  30  2:43  Adept x2 (Chrono Boost), Warp Gate  
  35  2:45  Probe  
  36  2:53  Probe  
  36  2:57  Probe (Chrono Boost)  
  38  2:59  Nexus  
  38  3:07  Probe (Chrono Boost)  
  38  3:10  Mothership Core (Chrono Boost)  
  38  3:11  Pylon  
  41  3:15  Adept  
  41  3:18  Probe (Chrono Boost)  
  44  3:20  Pylon  
  44  3:26  Adept  
  46  3:29  Probe x2 (Chrono Boost)  
  46  3:32  Forge  
  48  3:40  Probe x2 (Chrono Boost)  
  50  3:50  Probe x2 (Chrono Boost)  
  50  3:54  Gateway  
  52  3:57  Assimilator  
  52  3:58  Assimilator  
  52  4:00  Assimilator  
  52  4:01  Probe x2 (Chrono Boost)  
  54  4:03  Adept, Pylon  
  54  4:04  Pylon  
  54  4:07  Protoss Ground Weapons Level 1  
  56  4:11  Probe x2 (Chrono Boost)  
  56  4:12  Probe (Chrono Boost)  
  59  4:22  Probe x3 (Chrono Boost)  
  58  4:30  Photon Cannon  
  57  4:32  Probe x2 (Chrono Boost), Pylon  
  57  4:33  Probe (Chrono Boost), Pylon  
  60  4:43  Probe x3 (Chrono Boost)  
  63  4:53  Probe x2 (Chrono Boost)  
  63  4:54  Probe (Chrono Boost)  
  63  4:55  Gateway  
  63  4:57  Gateway  
  66  5:00  Gateway x2  
  66  5:02  Gateway  
  66  5:03  Gateway  
  65  5:08  Probe (Chrono Boost)  
  65  5:10  Probe (Chrono Boost)  
  65  5:11  Probe (Chrono Boost)  
  67  5:15  Gateway  
  67  5:16  Pylon  
  67  5:17  Sentry  
  67  5:18  Sentry  
  71  5:22  Zealot  
  73  5:32  Probe x2 (Chrono Boost)  
  75  5:44  Sentry x2, Stalker  
  75  5:48  Pylon  
  81  5:53  Stalker x2  
  81  5:55  Sentry  
  87  5:59  Sentry, Zealot  
  87  6:00  Zealot  
  93  6:10  Gateway  
  93  6:12  Adept x4  
  93  6:15  Zealot x2  
  105  6:19  Zealot  
  105  6:21  Zealot x3  
  113  6:33  Stalker x4  
  113  6:34  Zealot x2  
  125  6:41  Pylon  
  125  6:43  Pylon  
  125  6:45  Pylon x2  
  125  6:46  Pylon  
  121  6:51  Zealot x4  
  123  6:58  Stalker  
  123  6:59  Stalker x4  
  123  7:00  Zealot  
  129  7:12  Stalker x3  
  129  7:13  Stalker x2  
  133  7:26  Zealot x6  
  128  7:34  Stalker  
  116  7:43  Stalker x3  
  116  7:44  Zealot x3  
  102  7:59  Zealot x3  
  102  8:00  Zealot x2  
  102  8:07  Zealot x6  
  110  8:22  Stalker x5  
  120  8:27  Sentry x3  
  126  8:40  Stalker x3  
  130  8:51  Stalker x3  
  130  8:52  Zealot x3  
  138  9:02  Stalker x2  
  140  9:08  Stalker  
  140  9:09  Stalker x2  
Show
View Real Time Build Order
Export as new Build Order

True Zerg 

Build Orders: 3 Hatch before Pool 

Get SALT Encoding   

  12  0:02  Drone  
  13  0:16  Overlord  
  13  0:18  Drone  
  14  0:35  Drone x2  
  16  0:38  Drone  
  17  0:53  Hatchery  
  17  0:56  Drone  
  17  1:00  Drone  
  18  1:19  Hatchery  
  18  1:23  Drone  
  18  1:35  Spawning Pool  
  18  1:37  Drone  
  18  1:42  Extractor  
  18  1:45  Drone x2  
  19  1:57  Drone  
  20  2:06  Drone x2  
  22  2:19  Drone x2  
  22  2:21  Queen  
  22  2:22  Queen  
  28  2:31  Drone x2  
  28  2:35  Queen  
  32  2:39  Drone  
  32  2:43  Metabolic Boost  
  33  2:50  Overlord  
  33  2:51  Drone  
  33  2:56  Overlord  
  34  3:09  Drone x3  
  34  3:10  Drone  
  34  3:11  Zergling x4  
  34  3:12  Zergling x4  
  42  3:19  Zergling x2  
  43  3:20  Zergling x2  
  43  3:23  Drone  
  43  3:26  Drone  
  46  3:32  Drone  
  48  3:34  Hatchery, Drone  
  48  3:37  Drone  
  48  3:38  Drone  
  48  3:39  Drone  
  50  3:44  Overlord  
  50  3:50  Overlord  
  50  4:06  Drone  
  50  4:07  Drone x7  
  50  4:08  Overlord  
  59  4:10  Drone x3  
  59  4:11  Drone  
  59  4:16  Drone x2  
  63  4:22  Drone  
  63  4:23  Drone x2  
  63  4:29  Drone  
  63  4:30  Drone x2  
  66  4:36  Extractor  
  66  4:37  Extractor  
  64  4:39  Hatchery, Extractor  
  64  4:40  Drone, Extractor  
  64  4:41  Drone x6  
  64  4:42  Extractor  
  64  4:45  Overlord  
  67  4:48  Evolution Chamber  
  67  4:49  Evolution Chamber  
  67  4:50  Queen  
  67  4:51  Overlord  
  67  4:52  Queen  
  67  4:55  Drone  
  67  4:58  Drone x4  
  74  5:00  Drone  
  74  5:07  Drone x7  
  74  5:08  Drone  
  74  5:09  Drone  
  74  5:10  Drone  
  74  5:11  Drone  
  84  5:19  Lair  
  84  5:32  Zerg Ground Armor Level 1  
  84  5:33  Drone x2  
  84  5:34  Drone  
  84  5:35  Drone, Zergling x2  
  88  5:36  Zergling x10  
  88  5:39  Zerg Melee Weapons Level 1  
  88  5:40  Roach Warren, Overlord  
  88  5:41  Zergling x2  
  94  5:50  Overlord x3  
  94  5:51  Zergling x12  
  94  5:53  Zergling x4  
  102  5:57  Overlord  
  102  5:59  Zergling x4  
  102  6:01  Zergling x4  
  102  6:03  Zergling x8  
  110  6:09  Zergling x2  
  110  6:10  Spine Crawler, Zergling x2  
  111  6:11  Spine Crawler  
  111  6:13  Spine Crawler  
  111  6:15  Spine Crawler  
  108  6:23  Roach  
  108  6:24  Roach x8  
  108  6:25  Zergling x6  
  128  6:26  Zergling x2  
  128  6:28  Zergling x2  
  128  6:29  Zergling x2  
  132  6:34  Zergling x2  
  132  6:35  Zergling x2  
  134  6:40  Spine Crawler  
  134  6:44  Ravager  
  134  6:45  Ravager x3  
  134  6:46  Roach  
  133  6:47  Overlord  
  133  6:50  Zergling x10  
  133  6:52  Overlord, Ravager x3  
  132  6:59  Overlord  
  131  7:09  Ravager x3  
  131  7:11  Roach x3  
  131  7:12  Zergling x20  
  149  7:17  Zergling x2  
  149  7:21  Zergling x16  
  151  7:24  Zergling x2  
  151  7:26  Zergling x8  
  140  7:35  Zergling x2  
  140  7:36  Zergling x2  
  140  7:37  Zergling x4  
  131  7:39  Zergling x4  
  131  7:40  Zergling x2  
  131  7:41  Zergling x2  
  129  7:46  Zergling x4  
  129  7:48  Zergling x2  
  129  7:50  Zergling x4  
  129  7:51  Zergling x2  
  118  7:52  Zergling x6  
  118  7:53  Zergling x2  
  118  7:54  Zergling x2  
  118  7:55  Zergling x2  
  118  7:56  Zergling x2  
  113  7:59  Zergling x2  
  113  8:01  Zergling x2  
  113  8:04  Zergling x2  
  102  8:06  Zergling x2  
  102  8:07  Zergling x2  
  102  8:09  Zergling x2  
  102  8:10  Zergling x2, Queen  
  95  8:14  Zergling x2  
  95  8:18  Zergling x4  
  93  8:20  Zergling x2  
  93  8:21  Zergling x2  
  93  8:24  Spine Crawler, Zergling x6  
  93  8:25  Zergling x2  
  93  8:27  Spine Crawler, Zergling x2  
  93  8:29  Zergling x2  
  93  8:32  Spine Crawler  
  93  8:33  Zergling x2  
  92  8:34  Zergling x2  
  92  8:36  Infestation Pit  
  92  8:37  Zergling x2  
  92  8:38  Zergling x2  
  92  8:39  Zergling x2  
  91  8:44  Spine Crawler, Zergling x2  
  91  8:45  Spine Crawler, Zergling x2  
  91  8:46  Zergling x6  
  91  8:47  Spine Crawler, Zergling x4  
  91  8:48  Zergling x8  
  95  8:52  Zergling x2  
  95  8:53  Zergling x2  
  86  8:57  Zergling x2  
  86  8:58  Zergling x2  

Tags
 
Add a new tag
Caveats
  • Supply blocks, unpowered buildings, or Contaminate may cause inaccurate times.
  • Supply counts are checked every 10 seconds.